 Dungeon Crawl Stone Soup version 0.20-b1-14-g8425815 (webtiles) character file.

1657466 Inarius the Hoplite (level 27, 268/268 HPs)
             Began as a Minotaur Fighter on May 19, 2017.
             Was a High Priest of Trog.
             Escaped with the Orb
             ... and 3 runes on May 23, 2017!
             The game lasted 07:58:10 (75874 turns).

Inarius the Hoplite (Minotaur Fighter)             Turns: 75874, Time: 07:58:10

Health: 268/268    AC: 48    Str: 29    XL:     27
Magic:  28/28      EV: 28    Int: 10    God:    Trog [*****.]
Gold:   2655       SH: 44    Dex: 24    Spells: 26/26 levels left

rFire    + + +     SeeInvis .   a - +6 demon blade "With Two Names" {elec, rF+ rN+ Int+3}
rCold    + . .     Gourm    .   m - +8 large shield {AC+3}
rNeg     + + +     Faith    .   R - +9 scales of the Dragon King {rPois rF+ rC+ MR+}
rPois    +         Spirit   .   (helmet restricted)
rElec    +         Reflect  +   e - +1 cloak of Starlight {rElec rC+ EV+4 Stlth--}
rCorr    .         Harm     .   V - +2 pair of gloves
MR       ++++.                  F - +2 pair of boots of Darkness {*Drain +Inv Str+4 Dex+4}
Stlth    ..........             u - +4 amulet of reflection
Regen    0.0/turn               W - ring "Fynaphom" {rF+ rC- rN+ MR+ Stlth+}
MPRegen  0.3/turn               O - ring of the Soothsayer {rN+ Dex+3}

@: studying Unarmed Combat
A: retaliatory headbutt, fangs 1, horns 2, iridescent scales 1, large bone
plates 1, rugged brown scales 1, blurry vision 1, clever 1, mutation resistance
1, inhibited regeneration, weak 1, subdued magic 1, MP-powered wands
0: Orb of Zot
}: 3/15 runes: serpentine, barnacled, silver
a: Berserk, Trog's Hand, Brothers in Arms, Burn Spellbooks, Renounce Religion,
Evoke Invisibility


You escaped.
You worshipped Trog.
Trog was extremely pleased with you.
You were not hungry.

You visited 11 branches of the dungeon, and saw 52 of its levels.
You also visited: Ice Cave, Volcano and Wizlab.

You collected 7945 gold pieces.
You spent 5290 gold pieces at shops.

Inventory:

Hand Weapons
 a - the +6 demon blade "With Two Names" (weapon) {elec, rF+ rN+ Int+3}
   (You found it on level 6 of the Lair of Beasts)

   Occasionally, upon striking a foe, it will discharge some electrical energy
   and cause terrible harm.
   It affects your intelligence (+3).
   It protects you from fire.
   It protects you from negative energy.
 b - the +12 hunting sling of Pyromania {venom, *Corrode MP+9 Dex+8 Stlth-}
   (You found it on level 1 of the Elven Halls)

   It poisons the ammo it fires.
   It affects your dexterity (+8).
   It affects your magic capacity (+9).
   It may corrode you when you take damage.
   It makes you less stealthy.
 E - a +8 antimagic demon blade
Missiles
 y - 435 sling bullets
Armour
 e - the +1 cloak of Starlight (worn) {rElec rC+ EV+4 Stlth--}
   (You bought it in a shop on level 2 of the Orcish Mines)

   It affects your evasion (+4).
   It protects you from cold.
   It insulates you from electricity.
   It makes you much less stealthy.
 m - a +8 large shield of protection (worn)
 F - the +2 pair of boots of Darkness (worn) {*Drain +Inv Str+4 Dex+4}
   (You found it on level 15 of the Dungeon)

   It affects your strength (+4).
   It affects your dexterity (+4).
   It lets you turn invisible.
   It causes draining when unequipped.
 R - the +9 scales of the Dragon King (worn) {rPois rF+ rC+ MR+}
   (You bought it in a shop on level 2 of the Vaults)

   It protects you from fire.
   It protects you from cold.
   It protects you from poison.
   It affects your resistance to hostile enchantments.
 V - a +2 pair of gloves (worn)
Jewellery
 j - the ring of Xom's Passing Interest {+Fly Str+7}
   (You bought it in a shop on level 2 of the Shoals)

   [ring of flight]

   It affects your strength (+7).
   It lets you fly.
 o - the ring "Deroq" {rC+ Str+2 Int-5 Dex+6 Stlth+}
   (You took it off an ironheart preserver on level 5 of the Vaults)

   [ring of protection from cold]

   It affects your strength (+2).
   It affects your intelligence (-5).
   It affects your dexterity (+6).
   It protects you from cold.
   It makes you more stealthy.
 u - a +4 amulet of reflection (around neck)
 O - the ring of the Soothsayer (right hand) {rN+ Dex+3}
   (You found it on level 3 of the Crypt)

   [ring of dexterity]

   It affects your dexterity (+3).
   It protects you from negative energy.
 Q - an uncursed ring of protection from cold
 W - the ring "Fynaphom" (left hand) {rF+ rC- rN+ MR+ Stlth+}
   (You found it on level 2 of the Vaults)

   [ring of positive energy]

   It protects you from fire.
   It makes you vulnerable to cold.
   It protects you from negative energy.
   It affects your resistance to hostile enchantments.
   It makes you more stealthy.
Wands
 q - a wand of acid (5/15)
 A - a wand of scattershot (3/9)
 L - a wand of digging (8/24)
 S - a wand of iceblast (8/15)
 U - a wand of digging (14/24)
Scrolls
 g - 12 scrolls of fog
 k - a scroll of silence
 n - 4 scrolls of blinking
 t - 16 scrolls of remove curse
 v - 20 scrolls of teleportation
 z - 9 scrolls of recharging
 C - 3 scrolls of fear
 J - 6 scrolls of summoning
 M - 6 scrolls of identify
 P - 2 scrolls of holy word
 T - a scroll of enchant armour
Potions
 h - 13 potions of curing
 p - a potion of resistance
 s - 22 potions of mutation
 w - 8 potions of flight
 x - 6 potions of might
 G - 2 potions of invisibility
 I - 5 potions of agility
 N - 2 potions of haste
 Y - 8 potions of heal wounds
 Z - 4 potions of cancellation
Books
 X - a manual of Unarmed Combat
Miscellaneous
 d - a lamp of fire
 i - a fan of gales
 l - 3 sacks of spiders
 K - 2 phantom mirrors
Comestibles
 f - 15 bread rations
 r - 27 meat rations
 D - 35 royal jellies


   Skills:
 - Level 24.1 Fighting
   Level 15.2(19.4) Short Blades
 - Level 21.5(23.2) Long Blades
   Level 1.7(2.8) Maces & Flails
   Level 3.4(3.6) Staves
 - Level 14.3 Slings
 - Level 20.3 Armour
 * Level 23.6 Dodging
 - Level 0.3 Stealth
 - Level 25.1 Shields
 - Level 9.3 Evocations


You had 26 spell levels left.
You didn't know any spells.

Dungeon Overview and Level Annotations

Branches:
Dungeon (15/15)            Temple (1/1) D:4            Lair (6/6) D:10
 Shoals (4/4) Lair:2        Snake (4/4) Lair:2        Slime (0/5) Lair:5
    Orc (2/2) D:9             Elf (2/3) Orc:2        Vaults (5/5) D:13
  Crypt (3/3) Vaults:2       Tomb (0/3) Crypt:3      Depths (5/5) D:15
    Zot (5/5) Depths:5

Altars:
Ashenzari
Cheibriados
Dithmenos
Elyvilon
Fedhas
Gozag
Hepliaklqana
Kikubaaqudgha
Makhleb
Nemelex Xobeh
Okawaru
Qazlal
Ru
Sif Muna
Trog
Uskayaw
Vehumet
Xom
Yredelemnul
Zin
The Shining One
Beogh

Shops:
D:7 *   D:9 *   Orc:2 [(:*   Elf:1 =}}!   Shoals:2 *   Vaults:2 [
Vaults:5 %!!?!?%?   Depths:1 :

Portals:
Hell: Depths:1 Depths:2 Depths:3 Depths:4 Depths:5
Abyss: Depths:4
Pandemonium: Depths:3
Ziggurat: Depths:2
Trove: D:10 (give 20 scrolls of identify)

Annotations:
Lair:3 exclusion: 2 oklob plants


Innate Abilities, Weirdness & Mutations

You reflexively headbutt those who attack you in melee.
You have a pair of horns on your head.
You have very sharp teeth.
You are partially covered in iridescent scales. (AC +2)
You are partially covered in large bone plates. (SH +4)
You are partially covered in rugged brown scales. (AC +1, +3% HP)
Scrolls take you a little longer to read.
Your mind is acute. (Int +2)
You are somewhat resistant to further mutation.
You do not regenerate when monsters are visible.
You are weak. (Str -2)
Your spells are a little easier to cast, but a little less powerful.
You expend magic power (3 MP) to strengthen your wands.


Message History

The rock shatters into small pieces.
This wand has 9 charges left.
There is a stone staircase leading up here.
You feel yourself slow down.
You climb upwards.
There is a stone staircase leading down here.
Evoke which item? (* to show all) (? for menu, Esc to quit)
Aiming: Dig
Press: ? - help, Shift-Dir - straight line The rock shatters into small pieces.
This wand has 8 charges left.
There is an escape hatch in the ceiling here.
A mysterious force pulls you upwards. The hatch slams shut behind you.
There is a stone staircase leading up here.
You climb upwards.
There is a stone staircase leading down here.
A ynoxinul comes into view.
The ynoxinul gestures.
There is a staircase leading out of the dungeon here.
You block the ufetubus's attack. x3
The ufetubus hits you but does no damage.
You have escaped!

#....###.........###....##.##
#...## ##.......## ##...##.##
#)..# #.......# #...##.## #)..##
##.......## ##....#.##
#....###.........###...#.#.##
#......................#.#.##
#...........3..........#.#.##
#.........5.55.........#.#...
#####...........@..........#.#..)
#.......................)..#.#.##
.....#.....................#.#.#
.....#.....................#.#.##
.(...#...###.........###...#.#...
.....#..## ##.......## ##..#.####
.....#..# #.......# #..#.....
.....#..## ##...)...## ##..######
#'####...###.....(...###...#


You could see a ynoxinul and 3 ufetubi.

Vanquished Creatures
  4 ancient liches
  6 orbs of fire (Zot:5)
  Boris (Crypt:2)
  A curse toe (Zot:5)
  Saint Roka (Snake:1)
  5 Killer Klowns (Zot:5)
  4 golden dragons
  Jory (Depths:3)
  A mutant beast (WizLab)
  2 profane servitors
  3 electric golems (Zot:5)
  2 bone dragons
  The ghost of NormalPerson7 the Warrior, an adept HaAM of Okawaru (Vaults:2)
  21 Orb Guardians (Zot:5)
  An Ice Fiend (IceCv)
  10 tentacled monstrosities
  7 liches
  2 quicksilver dragons
  10 titans
  An Executioner (D:15)
  7 sphinxes
  9 ancient champions
  Gastronok (Lair:3)
  3 death cobs
  Frances (D:12)
  9 shadow dragons
  10 storm dragons
  Kirke (Snake:4)
  5 draconian monks
  5 tengu reavers
  2 revenants
  7 nagarajas
  10 fire giants
  A storm dragon (shapeshifter) (WizLab)
  Donald (Shoals:2)
  A draconian scorcher (Zot:5)
  Ilsuiw (Shoals:4)
  8 frost giants
  A ghost moth (Zot:5)
  Louise (Snake:3)
  A curse skull (Crypt:1)
  A deep elf sorcerer (Vaults:5)
  14 vault wardens
  2 juggernaut zombies
  An orc warlord (Orc:2)
  An iron dragon (Vaults:2)
  Aizul (Snake:1)
  5 ghouls (Crypt:2)
  A deep elf elementalist (Vaults:4)
  21 ironheart preservers
  A draconian annihilator (Zot:5)
  A blood saint (Depths:1)
  25 very ugly things
  6 vampire knights
  Nessos (D:12)
  A reaper (Crypt:2)
  A juggernaut skeleton (Crypt:2)
  7 black draconians
  5 dire elephants (Lair:6)
  5 entropy weavers
  Azrael (D:12)
  20 stone giants
  The ghost of Feta the Cleaver, a journeyman FoFi of Cheibriados (D:12)
  A deep elf annihilator (Vaults:5)
  4 white draconians
  3 deep elf demonologists
  2 purple draconians (Zot:3)
  5 yellow draconians
  2 red draconians (Zot:5)
  Snorg (D:12)
  15 ettins
  6 deep elf death magi
  6 eidola
  5 merfolk javelineers (Shoals:4)
  Josephine (D:13)
  A deep elf high priest (Vaults:5)
  15 jiangshi
  7 merfolk impalers
  9 fire dragons
  2 mummy priests (Crypt:3)
  A crystal guardian (Vaults:4)
  12 yaktaur captains
  Fannar (D:11)
  6 rakshasas
  9 great orbs of eyes
  Erolcha (D:9)
  14 ice dragons
  42 vault guards
  14 hydras
  Erica (D:9)
  Harold (Lair:3)
  16 naga warriors
  3 spriggan air magi (Depths:3)
  The ghost of Mesmaeker13 the Cleaver, a novice DDBe of Trog (D:10)
  A hydra (shapeshifter) (WizLab)
  A merfolk avatar (Shoals:2)
  5 centaur warriors
  2 hell beasts
  18 ogre magi
  9 merfolk aquamancers
  A queen ant (Lair:6)
  23 dancing weapons
  3 alligator snapping turtles (Shoals:4)
  6 death knights
  14 anacondas
  7 deep troll shamans
  8 tengu warriors
  13 naga sharpshooters
  62 two-headed ogres
  9 shock serpents
  4 spriggans
  8 deep troll earth magi
  9 vampire magi
  An orc high priest (Orc:2)
  6 spriggan berserkers
  2 hell hogs
  Sonja (Orc:2)
  Urug (Orc:2)
  Nergalle (Lair:2)
  13 hell knights
  32 skeletal warriors
  24 deep elf knights
  An iron golem (WizLab)
  5 shadow wraiths
  2 storm dragon zombies
  A fire crab (shapeshifter) (WizLab)
  35 deep trolls
  16 sea snakes
  6 wizards
  The ghost of miragecloak the Grappler, a novice DrTm of Ashenzari (Lair:1)
  A golden dragon zombie (Crypt:3)
  A sea snake (shapeshifter) (Depths:3)
  10 flayed ghosts
  A ghost moth zombie (Crypt:1)
  2 swamp dragons (shapeshifter)
  3 salamander mystics
  A death drake (shapeshifter) (WizLab)
  2 unseen horrors
  A harpy (shapeshifter) (WizLab)
  An obsidian statue (Volcano)
  8 glowing orange brains
  8 necromancers
  9 naga ritualists
  8 phantasmal warriors
  14 deep elf archers
  17 ironbrand convokers
  20 harpies
  A wolf spider (shapeshifter) (Vaults:2)
  10 mana vipers
  A golden dragon skeleton (Crypt:1)
  4 cyclopes
  15 orc knights
  A mana viper (shapeshifter) (Vaults:2)
  66 ugly things
  A frost giant zombie (Vaults:3)
  A tengu skeleton (D:15)
  3 oklob plants
  58 deep elf magi
  A cyclops (shapeshifter) (WizLab)
  4 orc sorcerers
  10 fauns
  12 slime creatures
  11 moths of wrath
  3 salamanders (shapeshifter) (WizLab)
  2 human zombies (Vaults:1)
  9 wolf spiders
  13 manticores
  25 black mambas
  15 salamanders
  2 shock serpent zombies
  A moth of wrath (shapeshifter) (Depths:3)
  9 merfolk sirens
  23 naga magi
  15 elephants
  17 vault sentinels
  An elephant (shapeshifter) (Depths:3)
  3 centaur zombies (D:11)
  A rust devil (Depths:5)
  3 water nymphs
  2 guardian serpents
  An eye of devastation (shapeshifter) (Vaults:4)
  A stone giant skeleton (Crypt:2)
  A guardian serpent (shapeshifter) (WizLab)
  5 ice statues
  A torpor snail (shapeshifter) (WizLab)
  5 gargoyles
  10 large abominations
  14 spiny frogs
  3 kobold demonologists
  2 yaktaurs (shapeshifter) (WizLab)
  2 rime drakes (shapeshifter)
  5 spectral swamp worms (Depths:5)
  9 small abominations
  11 komodo dragons
  2 anaconda simulacra (IceCv)
  10 freezing wraiths
  2 rime drakes
  An efreet (Volcano)
  37 yaktaurs
  A hellwing (Zot:5)
  A tormentor (D:8)
  A death yak skeleton (Crypt:1)
  10 ice devils
  A demonic crawler (Zot:5)
  9 guardian mummies (Crypt:3)
  5 tengu conjurers
  A pale draconian skeleton (Crypt:3)
  3 golden dragon simulacra (IceCv)
  A wind drake (shapeshifter) (Elf:2)
  5 wind drakes
  A hornet (shapeshifter) (Vaults:3)
  8 hornets
  2 jumping spiders (shapeshifter)
  A troll (shapeshifter) (WizLab)
  2 blink frogs (shapeshifter)
  A death drake zombie (Crypt:1)
  A hydra skeleton (Crypt:2)
  5 trolls
  A merfolk (shapeshifter) (Vaults:4)
  A tengu simulacrum (Vaults:2)
  44 merfolk
  Grinder (D:5)
  A hippogriff (shapeshifter) (WizLab)
  7 dream sheep
  7 hippogriffs
  A snapping turtle (shapeshifter) (WizLab)
  9 snapping turtles
  A slime creature (shapeshifter) (WizLab)
  An ice dragon zombie (D:15)
  A guardian serpent zombie (Crypt:2)
  20 blink frogs
  2 bog bodies (Crypt:2)
  A deep troll zombie (D:15)
  An ettin zombie (Crypt:3)
  Sigmund (D:6)
  3 shadows
  6 air elementals
  A yak (shapeshifter) (WizLab)
  2 ettin skeletons
  A tarantella (shapeshifter) (WizLab)
  5 flying skulls (Crypt:1)
  A vampire (D:12)
  A redback (shapeshifter) (Vaults:2)
  3 redbacks
  13 wraiths
  A hog (shapeshifter) (Depths:1)
  11 water elementals
  15 yaks
  3 ushabtiu
  13 fire elementals
  A basilisk (Lair:3)
  7 fire bats (Volcano)
  5 wyverns
  Grum (D:10)
  4 hungry ghosts
  A wyvern (shapeshifter) (Vaults:5)
  2 chaos spawn
  A yaktaur simulacrum (Vaults:3)
  2 steam dragons
  5 human simulacra
  3 vampire mosquitoes (D:13)
  3 wargs
  A harpy simulacrum (IceCv)
  42 nagas
  Edmund (D:6)
  4 acid dragons
  An infernal demonspawn zombie (Crypt:1)
  2 iron troll simulacra (IceCv)
  6 soldier ants (Lair:6)
  2 hydra simulacra (IceCv)
  A snapping turtle zombie (Crypt:1)
  Duvessa (D:6)
  5 floating eyes
  16 hell hounds
  2 porcupines
  17 water moccasins
  A swamp drake (D:10)
  A black bear (D:7)
  A gelid demonspawn skeleton (Crypt:3)
  A water nymph skeleton (Crypt:3)
  46 orc warriors
  A sky beast (D:15)
  An ice dragon simulacrum (Crypt:3)
  A spiny frog skeleton (Crypt:2)
  A black bear (shapeshifter) (WizLab)
  7 ice beasts
  A necrophage (Crypt:2)
  24 boggarts
  A blink frog skeleton (Crypt:3)
  19 wolves
  46 ogres
  21 centaurs
  11 crocodiles
  A swamp dragon skeleton (Crypt:1)
  Blork the orc (D:6)
  19 bullfrogs
  A komodo dragon zombie (Crypt:3)
  4 elf zombies
  An earth elemental (Volcano)
  Dowan (D:6)
  3 human skeletons
  2 komodo dragon skeletons (Crypt:3)
  A wyvern skeleton (D:15)
  7 scorpions
  A snapping turtle simulacrum (Crypt:3)
  10 killer bees
  3 wights (Crypt:1)
  8 howler monkeys
  A troll skeleton (Crypt:2)
  An electric eel (Snake:1)
  6 lava snakes (Volcano)
  A wolf skeleton (Crypt:1)
  7 crimson imps
  3 bullfrog skeletons
  19 orc priests
  9 jellies
  Crazy Yiuf (D:2)
  5 hounds
  36 orc wizards
  4 centaur skeletons
  Ijyb (D:4)
  A demonspawn skeleton (Crypt:3)
  37 worker ants
  10 iguanas
  A killer bee zombie (Crypt:3)
  A naga zombie (Crypt:2)
  A tengu zombie (Crypt:1)
  A deep dwarf zombie (Crypt:2)
  A dwarf skeleton (Crypt:2)
  2 hound zombies
  A naga skeleton (Crypt:3)
  8 gnolls
  A howler monkey skeleton (D:4)
  13 adders
  4 shadow imps
  A white imp (Vaults:1)
  10 oozes
  An adder zombie (D:5)
  2 adder skeletons
  An iguana skeleton (Crypt:2)
  A worm (D:3)
  3 dart slugs
  3 leopard geckos
  74 orcs
  8 giant cockroaches
  12 goblins
  7 hobgoblins
  8 jackals
  A quokka (shapeshifter) (D:3)
  6 quokkas
  2 ball pythons
  11 bats
  7 frilled lizards
  A jackal skeleton (D:8)
  2 jackal zombies
  13 kobolds
  A leopard gecko skeleton (D:6)
  A quokka skeleton (D:5)
  4 rats
  A crawling corpse (Vaults:2)
  9 plants
2408 creatures vanquished.

Vanquished Creatures (collateral kills)
  2 Killer Klowns (Zot:5)
  2 Orb Guardians (Zot:5)
  A yellow draconian (Zot:5)
5 creatures vanquished.

Vanquished Creatures (others)
  A deep elf sorcerer (Elf:2)
  4 stone giants
  A merfolk javelineer (Shoals:4)
  6 yaktaur captains
  3 centaur warriors
  4 naga sharpshooters (Snake:4)
  A deep elf knight (Elf:2)
  A shadow wraith (Vaults:2)
  4 deep elf archers
  2 deep elf magi
  2 moths of wrath (Zot:5)
  3 cyclopes
  A vault sentinel (Vaults:1)
  13 yaktaurs
  A rime drake (shapeshifter) (WizLab)
  6 humans (Snake:4)
  A naga (Snake:3)
  2 orc warriors
  3 centaurs
  An orc wizard (D:4)
  An orc (D:15)
  29 fungi
  8 plants
  5 withered plants (D:15)
103 creatures vanquished.

Grand Total: 2516 creatures vanquished

Notes
Turn   | Place    | Note
-------+----------+-------------------------------------------
     0 | D:1      | Inarius the Minotaur Fighter began the quest for the Orb.
     0 | D:1      | Reached XP level 1. HP: 19/19 MP: 0/0
   311 | D:1      | Reached XP level 2. HP: 27/27 MP: 1/1
   414 | D:1      | Reached skill level 4 in Shields
   623 | D:1      | Reached XP level 3. HP: 30/33 MP: 2/2
   980 | D:2      | Found a white marble altar of Elyvilon.
   983 | D:2      | Reached XP level 4. HP: 38/40 MP: 3/3
  1234 | D:2      | Found a runed door.
  1309 | D:2      | Noticed Crazy Yiuf
  1312 | D:2      | Killed Crazy Yiuf
  1505 | D:3      | Reached skill level 1 in Dodging
  1540 | D:3      | Noticed an ice beast
  1549 | D:3      | Killed an ice beast
  1549 | D:3      | Reached XP level 5. HP: 46/47 MP: 4/4
  1557 | D:3      | Reached skill level 1 in Staves
  1557 | D:3      | Reached skill level 5 in Shields
  1901 | D:3      | Reached XP level 6. HP: 51/53 MP: 5/5
  2102 | D:3      | Reached skill level 5 in Armour
  2510 | D:4      | Reached XP level 7. HP: 16/60 MP: 6/6
  2512 | D:4      | Reached skill level 5 in Fighting
  2744 | D:4      | Found a shadowy altar of Dithmenos.
  3255 | D:4      | Found a staircase to the Ecumenical Temple.
  3270 | Temple   | Entered the Ecumenical Temple
  3366 | Temple   | Became a worshipper of Trog the Wrathful
  3484 | D:4      | Noticed Ijyb
  3494 | D:4      | Paralysed by Ijyb for 5 turns
  3499 | D:4      | Killed Ijyb
  3661 | D:5      | Entered Level 5 of the Dungeon
  3813 | D:5      | Reached skill level 1 in Short Blades
  4234 | D:5      | Noticed Grinder
  4240 | D:5      | Paralysed by Grinder for 7 turns
  4254 | D:5      | Paralysed by Grinder for 3 turns
  4261 | D:5      | Killed Grinder
  4261 | D:5      | Reached * piety under Trog
  4261 | D:5      | Reached XP level 8. HP: 12/70 MP: 1/7
  4639 | D:5      | Reached skill level 6 in Shields
  4666 | D:5      | Found a sacrificial altar of Ru.
  4985 | D:6      | Noticed Duvessa
  4994 | D:6      | Noticed Dowan
  4999 | D:6      | Noticed Blork the orc
  5016 | D:6      | Killed Duvessa
  5031 | D:6      | Killed Blork the orc
  5041 | D:6      | Killed Dowan
  5137 | D:6      | Noticed Edmund
  5146 | D:6      | Killed Edmund
  5146 | D:6      | Reached skill level 5 in Short Blades
  5190 | D:6      | Reached XP level 9. HP: 44/78 MP: 6/8
  5208 | D:6      | Reached skill level 7 in Shields
  5423 | D:6      | Reached ** piety under Trog
  5461 | D:6      | Noticed Sigmund
  5480 | D:6      | Killed Sigmund
  6500 | D:7      | Found Gubyref's General Store.
  6509 | D:7      | Bought a scroll of identify for 32 gold pieces
  6545 | D:7      | Got a jewelled hunting sling
  6893 | D:8      | Reached skill level 8 in Shields
  7217 | D:8      | Noticed a two-headed ogre
  7235 | D:8      | Killed a two-headed ogre
  7235 | D:8      | Reached XP level 10. HP: 88/88 MP: 9/9
  7245 | D:8      | Noticed a two-headed ogre
  7266 | D:8      | Killed a two-headed ogre
  7393 | D:8      | Found a white marble altar of Elyvilon.
  7763 | D:8      | Found a hazy altar of Hepliaklqana.
  7763 | D:8      | Found an ancient bone altar of Kikubaaqudgha.
  7963 | D:9      | Reached *** piety under Trog
  8101 | D:9      | Noticed Erica
  8130 | D:9      | Killed Erica
  8130 | D:9      | Reached skill level 9 in Shields
  8277 | D:9      | Reached skill level 10 in Short Blades
  8361 | D:9      | Found Vebia's Assorted Antiques.
  8370 | D:9      | Bought a bone short sword for 240 gold pieces
  8370 | D:9      | Bought a sedimented silvery potion for 27 gold pieces
  8370 | D:9      | Bought a scroll of identify for 60 gold pieces
  8370 | D:9      | Identified the +5 short sword of Disharmony {pierce, +Inv rF++ MR- Int+3} (You bought it in a shop on level 9 of the Dungeon)
  8496 | D:9      | Noticed Erolcha
  8501 | D:10     | Entered Level 10 of the Dungeon
  8583 | D:9      | Killed Erolcha
  8681 | D:9      | Found a staircase to the Orcish Mines.
  8687 | D:9      | Found a roughly hewn altar of Beogh.
  8865 | D:10     | Noticed Grum
  8898 | D:10     | Killed Grum
  8906 | D:10     | Reached XP level 11. HP: 92/95 MP: 7/10
  8970 | D:10     | Found an opulent altar of Gozag.
  8986 | D:10     | Reached **** piety under Trog
  9432 | D:10     | Found a staircase to the Lair.
  9827 | D:10     | Found a portal to a secret trove of treasure.
  9904 | D:10     | Noticed Mesmaeker13's ghost (novice DDBe)
  9938 | D:10     | Killed Mesmaeker13's ghost
  9938 | D:10     | Reached skill level 10 in Armour
 10181 | D:11     | Noticed Fannar
 10215 | D:11     | Killed Fannar
 10215 | D:11     | Reached skill level 10 in Shields
 10329 | D:11     | Noticed a two-headed ogre
 10346 | D:11     | Killed a two-headed ogre
 11143 | D:11     | Reached skill level 10 in Fighting
 11229 | D:11     | Gained mutation: Your mind is acute. (Int +2) [potion of mutation]
 11229 | D:11     | Gained mutation: You have large cloven feet. [potion of mutation]
 11626 | Lair:1   | Entered Level 1 of the Lair of Beasts
 11629 | Lair:1   | Noticed miragecloak's ghost (novice DrTm)
 11680 | Lair:1   | Killed miragecloak's ghost
 11736 | Lair:1   | Reached skill level 11 in Shields
 11753 | Lair:1   | Reached XP level 12. HP: 100/106 MP: 11/11
 12355 | Lair:1   | Reached ***** piety under Trog
 12566 | Lair:1   | Found an iron altar of Okawaru.
 12874 | Lair:2   | Found a staircase to the Shoals.
 13062 | Lair:2   | Found a staircase to the Snake Pit.
 13119 | Lair:2   | Noticed Nergalle
 13138 | Lair:2   | Killed Nergalle
 13146 | Lair:2   | Reached skill level 12 in Shields
 13502 | Lair:2   | Reached skill level 5 in Dodging
 13893 | Lair:3   | Noticed Gastronok
 13921 | Lair:3   | Killed Gastronok
 13955 | Lair:3   | Noticed Harold
 13990 | Lair:3   | Killed Harold
 13990 | Lair:3   | Reached skill level 13 in Shields
 14010 | Lair:3   | Identified the +1 hunting sling "Wurrygab" {venom, rC+ rN+++ Str+4 Dex-2} (You found it on level 7 of the Dungeon)
 14074 | Lair:3   | Identified the Grimoire of Transmutation and Curses
 14688 | Lair:4   | Reached XP level 13. HP: 107/116 MP: 10/12
 15386 | Lair:5   | Found a staircase to the Slime Pits.
 15510 | Lair:5   | Found a dark tunnel.
 15522 | Volcano  | Entered a volcano
 15741 | Volcano  | Reached skill level 14 in Shields
 15742 | Volcano  | Noticed a stone giant
 15764 | Volcano  | Killed a stone giant
 15771 | Volcano  | Found a radiant altar of Vehumet.
 16549 | Lair:6   | Entered Level 6 of the Lair of Beasts
 17024 | Lair:6   | Reached ****** piety under Trog
 17092 | Lair:6   | Noticed an entropy weaver
 17135 | Lair:5   | Killed an entropy weaver
 17280 | Lair:6   | Reached skill level 15 in Shields
 17338 | Lair:6   | Noticed an entropy weaver
 17412 | Lair:5   | Killed an entropy weaver
 17477 | Lair:6   | Received a gift from Trog
 17767 | Lair:6   | Reached XP level 14. HP: 126/126 MP: 13/13
 17890 | Lair:6   | Got an iridescent war axe
 18699 | Lair:6   | Reached skill level 15 in Short Blades
 18777 | Lair:6   | Got a polished demon blade
 18822 | Lair:6   | Upgraded the game from 0.20-b1 to 0.21-a0-1-gaf3b9a5
 19782 | Orc:1    | Entered Level 1 of the Orcish Mines
 19889 | Orc:1    | Reached skill level 1 in Evocations
 20043 | Orc:2    | Entered Level 2 of the Orcish Mines
 20043 | Orc:2    | Noticed Sonja
 20059 | Orc:2    | Killed Sonja
 20119 | Orc:2    | Found a staircase to the Elven Halls.
 20202 | Orc:2    | Paralysed by an orc sorcerer for 3 turns
 20214 | Orc:2    | Received a gift from Trog
 20214 | Orc:2    | Reached skill level 1 in Maces & Flails
 20274 | Orc:2    | Noticed an orc warlord
 20275 | Orc:2    | Noticed Urug
 20318 | Orc:2    | Killed an orc warlord
 20339 | Orc:2    | Killed Urug
 20357 | Orc:2    | Identified the +6 demon blade "With Two Names" {elec, rF+ rN+ Int+3} (You found it on level 6 of the Lair of Beasts)
 20359 | Orc:2    | Identified the +7 war axe "Luelats" {speed, rF+ MR+ Int-5} (You found it on level 6 of the Lair of Beasts)
 20605 | Orc:2    | Reached skill level 5 in Long Blades
 20642 | Orc:2    | Found a roughly hewn altar of Beogh.
 20681 | Orc:2    | Found Qanoenk's Book Shoppe.
 20983 | Orc:2    | Found Teve's Antique Weapon Shoppe.
 20998 | Orc:2    | Found Faot's General Store.
 21013 | Orc:2    | Found Kairr's Antique Armour Shoppe.
 21021 | Orc:2    | Bought the +1 cloak of Starlight {rElec rC+ EV+4 Stlth--} for 1112 gold pieces
 21543 | Orc:1    | Found a bloodstained altar of Trog.
 21972 | D:12     | Noticed Frances
 21983 | D:12     | Killed Frances
 21993 | D:12     | Lost mutation: You have large cloven feet. [potion of mutation]
 21993 | D:12     | Lost mutation: Your mind is acute. (Int +2) [potion of mutation]
 21993 | D:12     | Gained mutation: Scrolls take you a little longer to read. [potion of mutation]
 21993 | D:12     | Gained mutation: You are partially covered in yellow scales. (AC +2) [potion of mutation]
 21994 | D:12     | Lost mutation: Scrolls take you a little longer to read. [potion of mutation]
 21994 | D:12     | Lost mutation: You are partially covered in yellow scales. (AC +2) [potion of mutation]
 21994 | D:12     | Gained mutation: You are surrounded by a mild repulsion field. (EV +2) [potion of mutation]
 21994 | D:12     | Gained mutation: You possess an exceptional clarity of mind. [potion of mutation]
 22262 | D:12     | Noticed Snorg
 22267 | D:12     | Received a gift from Trog
 22274 | D:12     | Killed Snorg
 22295 | D:12     | Noticed Nessos
 22305 | D:12     | Killed Nessos
 22404 | D:12     | Noticed Azrael
 22428 | D:12     | Reached XP level 15. HP: 120/137 MP: 14/14
 22435 | D:12     | Killed Azrael
 22467 | D:12     | Noticed Feta's ghost (journeyman FoFi)
 22481 | D:12     | Killed Feta's ghost
 22901 | D:13     | Found a gate to the Vaults.
 23085 | D:13     | Gained mutation: You are partially covered in rugged brown scales. (AC +1, +3% HP) [mutagenic meat]
 23086 | D:13     | Gained mutation: You are weak. (Str -2) [mutagenic meat]
 23087 | D:13     | Gained mutation: You are agile. (Dex +2) [mutagenic meat]
 23184 | D:13     | Reached skill level 10 in Long Blades
 23191 | D:13     | Noticed Josephine
 23202 | D:13     | Killed Josephine
 23696 | D:14     | Found a radiant altar of Vehumet.
 23854 | D:14     | Gained mutation: You are very weak. (Str -4) [mutagenic meat]
 23855 | D:14     | Lost mutation: You possess an exceptional clarity of mind. [potion of mutation]
 23855 | D:14     | Lost mutation: You are surrounded by a mild repulsion field. (EV +2) [potion of mutation]
 23855 | D:14     | Lost mutation: You are very weak. (Str -4) [potion of mutation]
 23855 | D:14     | Lost mutation: You are agile. (Dex +2) [potion of mutation]
 23855 | D:14     | Gained mutation: You possess an exceptional clarity of mind. [potion of mutation]
 23855 | D:14     | Lost mutation: You possess an exceptional clarity of mind. [potion of mutation]
 23855 | D:14     | Gained mutation: You are somewhat resistant to further mutation. [potion of mutation]
 23885 | D:14     | Received a gift from Trog
 24158 | D:15     | Entered Level 15 of the Dungeon
 24219 | D:15     | Gained mutation: You have very sharp teeth. [mutagenic meat]
 24230 | D:15     | Found a staircase to the Depths.
 24395 | D:15     | Got a pair of transparent boots
 24406 | D:15     | Identified the +2 pair of boots of Darkness {*Drain +Inv Str+4 Dex+4} (You found it on level 15 of the Dungeon)
 24558 | D:15     | Gained mutation: You are robust. (+10% HP) [mutagenic meat]
 25102 | Shoals:1 | Entered Level 1 of the Shoals
 25354 | Shoals:1 | Reached skill level 15 in Fighting
 25569 | Shoals:1 | HP: 2/159 [water nymph/the raging water (8)]
 25856 | Shoals:1 | Reached XP level 16. HP: 78/168 MP: 15/15
 25885 | Shoals:1 | Received a gift from Trog
 26866 | Shoals:2 | Noticed Donald
 26879 | Shoals:2 | Killed Donald
 27106 | Shoals:2 | Reached XP level 17. HP: 176/176 MP: 16/16
 27256 | Shoals:2 | Found Ager's Island Escapes.
 27488 | Shoals:2 | Bought a scroll of blinking for 127 gold pieces
 27488 | Shoals:2 | Bought the ring of Xom's Passing Interest {+Fly Str+7} for 666 gold pieces
 27821 | Shoals:3 | Got a translucent rapier
 27822 | Shoals:3 | Identified the cursed +2 rapier "Inarius's Peril" {pierce, +Fly rPois} (You found it on level 3 of the Shoals)
 27899 | Shoals:3 | Reached skill level 16 in Shields
 28319 | Snake:1  | Entered Level 1 of the Snake Pit
 28418 | Snake:1  | Found a frozen archway.
 28453 | IceCv    | Entered an ice cave
 28522 | IceCv    | Reached skill level 15 in Armour
 28636 | IceCv    | Received a gift from Trog
 28761 | IceCv    | Noticed an Ice Fiend
 28770 | IceCv    | Killed an Ice Fiend
 28898 | IceCv    | Got a faintly glowing rapier
 28900 | IceCv    | Identified the +10 rapier "Ipuet" {freeze, Str+4} (You found it in an ice cave)
 28909 | IceCv    | Got a shimmering ring mail
 28921 | IceCv    | Identified the cursed +1 ring mail "Miqile" {MR+ Regen+} (You found it in an ice cave)
 28985 | Snake:1  | Identified a scroll of acquirement
 29046 | Snake:1  | Upgraded the game from 0.21-a0-1-gaf3b9a5 to 0.20-b1-2-gc5a9893
 29166 | Snake:1  | Noticed Aizul
 29187 | Snake:1  | Killed Aizul
 29193 | Snake:1  | Gained mutation: You are partially covered in large bone plates. (SH +4) [mutagenic meat]
 29194 | Snake:1  | Gained mutation: Your mind is acute. (Int +2) [mutagenic meat]
 29530 | Snake:1  | Received a gift from Trog
 29605 | Snake:1  | Reached skill level 17 in Shields
 30425 | Snake:2  | Noticed Saint Roka
 30679 | Snake:1  | Killed Saint Roka
 30802 | Snake:2  | Reached skill level 18 in Shields
 30878 | Snake:2  | Reached XP level 18. HP: 187/187 MP: 17/17
 31133 | Snake:3  | Noticed Louise
 31163 | Snake:3  | Killed Louise
 31659 | Snake:3  | Reached skill level 15 in Long Blades
 31982 | Snake:3  | Received a gift from Trog
 32256 | Snake:3  | Reached skill level 19 in Shields
 32630 | Elf:1    | Entered Level 1 of the Elven Halls
 32802 | Elf:1    | Found Jomalag's Distillery.
 32809 | Elf:1    | Bought a potion of might for 76 gold pieces
 33226 | Elf:1    | Found Ilepn's Gadget Boutique.
 33227 | Elf:1    | Found Neuhec's Jewellery Emporium.
 33235 | Elf:1    | Found Qiroshras's Gadget Boutique.
 33301 | Elf:1    | Got a bone hunting sling
 33302 | Elf:1    | Identified the +12 hunting sling of Pyromania {venom, *Corrode MP+9 Dex+8 Stlth-} (You found it on level 1 of the Elven Halls)
 33823 | Elf:1    | Reached skill level 1 in Slings
 35019 | Elf:2    | Found a sparkling altar of Nemelex Xobeh.
 35136 | Elf:2    | Received a gift from Trog
 35191 | Elf:2    | Reached XP level 19. HP: 165/200 MP: 18/18
 35231 | Elf:2    | Got a twisted long sword {god gift}
 35235 | Elf:2    | Identified the +10 long sword "Vudd" {flame, Int+4} (Trog gifted it to you on level 2 of the Elven Halls)
 35327 | Elf:2    | Reached skill level 20 in Shields
 35596 | Elf:2    | Found a runed gate.
 35596 | Elf:2    | Found a runed gate.
 35602 | Elf:2    | Found a runed gate.
 35769 | Elf:2    | Reached skill level 5 in Slings
 35854 | Elf:2    | Received a gift from Trog
 36026 | Elf:2    | Received a gift from Trog
 36830 | Shoals:4 | Entered Level 4 of the Shoals
 36844 | Shoals:4 | Received a gift from Trog
 36865 | Shoals:4 | Received a gift from Trog
 36925 | Shoals:4 | Found an opulent altar of Gozag.
 37062 | Shoals:4 | Noticed Ilsuiw
 37701 | Shoals:4 | Received a gift from Trog
 37702 | Shoals:4 | Killed Ilsuiw
 37719 | Shoals:4 | Got an iridescent dagger {god gift}
 37720 | Shoals:4 | Identified the +1 dagger "Hegoum" {antimagic, rF- rN+++ Int+3 SInv} (Trog gifted it to you on level 4 of the Shoals)
 38479 | Shoals:4 | Got a barnacled rune of Zot
 38833 | Vaults:1 | Entered Level 1 of the Vaults
 39238 | D:13     | Received a gift from Trog
 39290 | Vaults:1 | Received a gift from Trog
 39411 | Vaults:1 | Reached XP level 20. HP: 212/212 MP: 19/19
 39589 | Vaults:1 | Reached skill level 21 in Shields
 39615 | Vaults:1 | Received a gift from Trog
 39662 | Vaults:1 | Gained mutation: Your system is resistant to poisons. (rPois) [mutagenic meat]
 40733 | Vaults:1 | Received a gift from Trog
 40897 | Vaults:2 | Noticed NormalPerson7's ghost (adept HaAM)
 41056 | Vaults:2 | Killed NormalPerson7's ghost
 41090 | Vaults:2 | Received a gift from Trog
 41864 | Vaults:2 | Received a gift from Trog
 42100 | Vaults:2 | Found a staircase to the Crypt.
 42100 | Vaults:2 | Found an ancient bone altar of Kikubaaqudgha.
 42101 | Vaults:2 | Found a basalt altar of Yredelemnul.
 42378 | Vaults:2 | Lost mutation: Your system is resistant to poisons. (rPois) [mutagenic meat]
 42541 | Vaults:2 | Reached XP level 21. HP: 224/224 MP: 20/20
 42543 | Vaults:2 | Paralysed by a vampire knight for 7 turns
 42557 | Vaults:2 | Paralysed by something for 5 turns
 42694 | Vaults:2 | Reached skill level 22 in Shields
 42713 | Vaults:2 | Received a gift from Trog
 43049 | Vaults:2 | Found Feesec's Armour Emporium.
 43414 | Vaults:2 | Lost mutation: You are weak. (Str -2) [mutagenic meat]
 43507 | Vaults:2 | Got a transparent amber ring
 43522 | Vaults:2 | Identified the ring of Recklessness {rN+ MP-9 Int+4 Dex+2 Stlth+} (You found it on level 2 of the Vaults)
 43578 | Vaults:2 | Got a steaming lead ring
 43581 | Vaults:2 | Identified the ring "Fynaphom" {rF+ rC- rN+ MR+ Stlth+} (You found it on level 2 of the Vaults)
 43599 | Vaults:2 | Identified the Incunabulum of Confrontation
 43735 | Vaults:2 | Reached skill level 10 in Slings
 43743 | Vaults:2 | Bought the +9 scales of the Dragon King {rPois rF+ rC+ MR+} for 2121 gold pieces
 44491 | Vaults:3 | Received a gift from Trog
 45320 | Vaults:3 | Received a gift from Trog
 45807 | Vaults:3 | Gained mutation: You do not regenerate when monsters are visible. [mutagenic meat]
 46698 | Vaults:4 | Received a gift from Trog
 46889 | Vaults:4 | Reached XP level 22. HP: 238/238 MP: 21/21
 46953 | Vaults:4 | Received a gift from Trog
 47786 | Vaults:4 | Gained mutation: You expend magic power (3 MP) to strengthen your wands. [mutagenic meat]
 48597 | Snake:4  | Entered Level 4 of the Snake Pit
 48786 | Snake:4  | Found a glowing silver altar of Zin.
 48856 | Snake:4  | Received a gift from Trog
 49889 | Snake:4  | Noticed Kirke
 49915 | Snake:4  | Killed Kirke
 50085 | Snake:4  | Reached skill level 23 in Shields
 50441 | Snake:4  | Got a serpentine rune of Zot
 50928 | Vaults:2 | Received a gift from Trog
 50931 | Vaults:2 | Got a fine long sword {god gift}
 50932 | Vaults:2 | Identified the +4 long sword of World's End {venom, *Drain Str+9 Int+8} (Trog gifted it to you on level 2 of the Vaults)
 50940 | Crypt:1  | Entered Level 1 of the Crypt
 52040 | Crypt:2  | Noticed Boris
 52053 | Crypt:2  | Killed Boris
 52196 | Crypt:2  | Received a gift from Trog
 52478 | Crypt:2  | Received a gift from Trog
 52478 | Crypt:2  | Reached XP level 23. HP: 233/250 MP: 22/22
 52786 | Crypt:3  | Entered Level 3 of the Crypt
 53181 | Crypt:3  | Received a gift from Trog
 53712 | Crypt:2  | Received a gift from Trog
 54146 | Crypt:3  | Received a gift from Trog
 55214 | Crypt:3  | Found a staircase to the Tomb.
 55298 | Crypt:3  | Received a gift from Trog
 55364 | Crypt:3  | Found a basalt altar of Yredelemnul.
 55370 | Crypt:3  | Found an ancient bone altar of Kikubaaqudgha.
 55450 | Crypt:3  | Got an ancient chain mail
 55461 | Crypt:3  | Identified the +8 chain mail "Asmoolol" {+Inv} (You found it on level 3 of the Crypt)
 55514 | Crypt:3  | Got a flickering wooden ring
 55517 | Crypt:3  | Identified the ring of the Soothsayer {rN+ Dex+3} (You found it on level 3 of the Crypt)
 55958 | Depths:1 | Entered Level 1 of the Depths
 56207 | Depths:1 | Found Sinaat Xixaq's One-of-a-Kind Books.
 56561 | Depths:1 | Found a gateway to Hell.
 57165 | Depths:2 | Found a gateway to a ziggurat.
 57253 | Depths:2 | Reached skill level 24 in Shields
 57372 | Depths:2 | Received a gift from Trog
 57401 | Depths:2 | Lost mutation: You are robust. (+10% HP) [mutagenic meat]
 57456 | Depths:2 | Received a gift from Trog
 57761 | Depths:2 | Found a bloodstained altar of Trog.
 58073 | Depths:3 | Paralysed by a floating eye for 2 turns
 58271 | Depths:3 | Reached XP level 24. HP: 216/241 MP: 22/22
 58367 | Depths:3 | Received a gift from Trog
 58656 | Depths:3 | Received a gift from Trog
 58804 | Depths:3 | Found a one-way gate leading to the halls of Pandemonium.
 59171 | Depths:3 | Noticed Jory
 59185 | Depths:3 | Killed Jory
 59939 | Depths:3 | Received a gift from Trog
 60818 | Depths:3 | Gained mutation: You are weak. (Str -2) [mutagenic meat]
 60819 | Depths:3 | Lost mutation: You are weak. (Str -2) [mutagenic meat]
 60831 | Depths:3 | Gained mutation: Your spells are a little easier to cast, but a little less powerful. [mutagenic meat]
 60834 | Depths:3 | Gained mutation: You are partially covered in iridescent scales. (AC +2) [mutagenic meat]
 61365 | Depths:4 | Received a gift from Trog
 61601 | Depths:4 | Received a gift from Trog
 61720 | Depths:4 | Found a magical portal.
 61735 | WizLab   | Entered Cigotuvi's Fleshworks
 61962 | WizLab   | Paralysed by a floating eye for 2 turns
 61985 | WizLab   | Got a vibrating golden ring
 61988 | WizLab   | Identified the ring of Ivew {*Tele rPois Str-5 Slay+2} (You found it in a wizard's laboratory)
 62000 | WizLab   | Paralysed by a floating eye for 3 turns
 62020 | WizLab   | Paralysed by a floating eye for 4 turns
 62804 | Depths:4 | Received a gift from Trog
 62838 | Depths:4 | Reached XP level 25. HP: 231/252 MP: 22/22
 62868 | Depths:4 | Reached skill level 25 in Shields
 63190 | Depths:4 | Found a one-way gate to the infinite horrors of the Abyss.
 63479 | Depths:5 | Entered Level 5 of the Depths
 63844 | D:13     | Received a gift from Trog
 64748 | Orc:2    | Bought a sack of spiders for 240 gold pieces
 65851 | Depths:5 | Reached skill level 10 in Dodging
 66221 | Depths:5 | Found a gate to the Realm of Zot.
 66553 | Depths:5 | Reached skill level 5 in Evocations
 66897 | Depths:5 | Received a gift from Trog
 67215 | Vaults:5 | Entered Level 5 of the Vaults
 67854 | Vaults:5 | Received a gift from Trog
 67888 | Vaults:5 | Noticed an ancient lich
 67901 | Vaults:4 | Reached XP level 26. HP: 218/261 MP: 28/28
 67994 | Vaults:5 | Killed an ancient lich
 68117 | Vaults:5 | Received a gift from Trog
 68231 | Vaults:5 | Found Wunnogga's Distillery.
 68231 | Vaults:5 | Found Kefocaum's Distillery.
 68236 | Vaults:5 | Bought a potion of curing for 57 gold pieces
 68236 | Vaults:5 | Bought a potion of might for 76 gold pieces
 68236 | Vaults:5 | Bought a potion of haste for 190 gold pieces
 68257 | Vaults:5 | Found Jarebluc's Distillery.
 68257 | Vaults:5 | Noticed an ancient lich
 68280 | Vaults:5 | Killed an ancient lich
 68354 | Vaults:5 | Found Xirutt's Magic Scroll Shop.
 68390 | Vaults:5 | Bought a scroll of enchant armour for 105 gold pieces
 68390 | Vaults:5 | Bought a scroll of enchant armour for 105 gold pieces
 68408 | Vaults:5 | Found Niykeq's Magic Scroll Boutique.
 68408 | Vaults:5 | Found Vome's Food Emporium.
 68419 | Vaults:5 | Found Arer's Magic Scroll Shop.
 68427 | Vaults:5 | Received a gift from Trog
 68427 | Vaults:5 | Reached skill level 15 in Dodging
 68433 | Vaults:5 | Bought a scroll of magic mapping for 56 gold pieces
 68475 | Vaults:5 | Found Gipnorcho's Food Boutique.
 68597 | Vaults:5 | Got a brightly glowing turquoise ring
 68599 | Vaults:5 | Identified the ring "Deroq" {rC+ Str+2 Int-5 Dex+6 Stlth+} (You took it off an ironheart preserver on level 5 of the Vaults)
 68767 | Vaults:5 | Noticed an ancient lich
 68780 | Vaults:5 | Killed an ancient lich
 69196 | Vaults:5 | Got a silver rune of Zot
 70407 | Depths:5 | Upgraded the game from 0.20-b1-2-gc5a9893 to 0.21-a0-13-g3fd62ac
 70408 | Zot:1    | Entered Level 1 of the Realm of Zot
 71926 | Zot:4    | Received a gift from Trog
 72003 | Zot:5    | Entered Level 5 of the Realm of Zot
 72137 | Zot:5    | Noticed an orb of fire
 72139 | Zot:5    | Noticed an orb of fire
 72728 | Zot:5    | Reached XP level 27. HP: 258/268 MP: 28/28
 73145 | Zot:5    | Noticed an ancient lich
 73151 | Zot:5    | Noticed an orb of fire
 73162 | Zot:5    | Killed an ancient lich
 73174 | Zot:5    | Killed an orb of fire
 73331 | Zot:5    | Noticed an orb of fire
 73336 | Zot:5    | Noticed an orb of fire
 73343 | Zot:5    | Gained mutation: Scrolls take you a little longer to read. [an orb of fire]
 73360 | Zot:5    | Killed an orb of fire
 73381 | Zot:5    | Killed an orb of fire
 73697 | Zot:5    | Upgraded the game from 0.21-a0-13-g3fd62ac to 0.20-b1-14-g8425815
 73820 | Zot:5    | Gained mutation: You are weak. (Str -2) [an orb of fire]
 73829 | Zot:5    | Killed an orb of fire
 73979 | Zot:5    | Noticed an orb of fire
 74016 | Zot:5    | Killed an orb of fire
 74162 | Zot:5    | Killed an orb of fire
 74826 | Zot:5    | Received a gift from Trog
 75223 | Zot:5    | Got the Orb of Zot
 75777 | D:7      | Noticed Gexehiqo the pandemonium lord
 75874 | D:$      | Escaped with the Orb!

Skill      XL: |  1  2  3  4  5  6  7  8  9 10 11 12 13 14 15 16 17 18 19 20 21 22 23 24 25 26 27 |
---------------+----------------------------------------------------------------------------------+-----
Fighting       | 4 5 6 7 8 10 11 12 13 15 16 17 18 19 20 21 22 23 24 | 24.1
Shields        | 4 5 6 8 9 11 13 15 18 19 20 21 22 23 24 25 | 25.1
Armour         | 4 5 6 8 9 10 11 12 13 14 15 16 17 18 19 20 | 20.3
Long Blades    | 3 4 8 13 14 15 16 17 18 19 20 21 | 21.5
Dodging        | 1 2 3 4 5 6 7 8 13 19 23 | 23.6
Staves         | 1 3 |  3.4
Short Blades   | 3 5 8 10 12 13 14 15 | 15.2
Evocations     | 1 8 9 |  9.3
Maces & Flails | 1 |  1.7
Slings         | 4 7 9 11 12 13 14 | 14.3
Stealth        | |  0.3

Action                   |  1- 3 |  4- 6 |  7- 9 | 10-12 | 13-15 | 16-18 | 19-21 | 22-24 | 25-27 || total
-------------------------+-------+-------+-------+-------+-------+-------+-------+-------+-------++-------
Melee: Long sword        |    85 |     8 |       |       |       |       |       |       |       ||    93
       Headbutt          |    13 |    18 |    75 |   232 |   594 |   391 |   569 |   729 |   641 ||  3262
       Quarterstaff      |       |    96 |     9 |       |       |       |       |       |       ||   105
       Dagger            |       |       |   204 |       |       |       |       |    11 |       ||   215
       Rapier            |       |       |   198 |   918 |  1045 |   203 |       |       |       ||  2364
       Kick              |       |       |       |   129 |   114 |       |       |       |       ||   243
       Demon blade       |       |       |       |       |   585 |   811 |  1545 |  1775 |  1579 ||  6295
       Bite              |       |       |       |       |    35 |   231 |   314 |   410 |   367 ||  1357
       Scimitar          |       |       |       |       |     9 |    10 |     4 |       |       ||    23
       Hunting sling     |       |       |       |       |       |       |       |     1 |       ||     1
 Fire: Hunting sling     |       |       |       |       |       |    31 |   320 |   478 |   233 ||  1062
Invok: Burn Spellbooks   |       |       |     1 |       |     3 |     3 |     3 |     6 |     3 ||    19
       Trog's Hand       |       |       |       |     3 |     6 |     3 |     8 |     4 |    16 ||    40
       Berserk           |       |       |       |     3 |     5 |     2 |     3 |     1 |     1 ||    15
       Brothers in Arms  |       |       |       |       |     1 |       |       |       |     9 ||    10
 Abil: Stop Flying       |       |       |       |       |       |       |     2 |       |       ||     2
       Evoke Flight      |       |       |       |       |       |       |     2 |       |       ||     2
Evoke: Wand              |       |       |       |     2 |     8 |       |       |       |    11 ||    21
  Use: Scroll            |       |       |    17 |    16 |    13 |    16 |     4 |     5 |    28 ||    99
       Potion            |       |       |     1 |     1 |    10 |     3 |     3 |     6 |    11 ||    35
 Stab: Confused          |       |     1 |       |       |       |       |       |       |       ||     1
       Distracted        |       |       |       |       |     1 |       |       |       |     5 ||     6
       Invisible         |       |       |       |       |       |       |       |       |    12 ||    12
  Eat: Chunk             |       |     5 |    13 |    26 |    45 |    24 |    52 |    53 |    25 ||   243
       Bread ration      |       |       |     1 |     1 |     2 |     1 |       |     2 |     5 ||    12
       Fruit             |       |       |     2 |     2 |     7 |     3 |     6 |    19 |     4 ||    43
       Meat ration       |       |       |     1 |       |       |     1 |     1 |     1 |       ||     4
Armor: Scale mail        |    20 |       |       |       |       |       |       |       |       ||    20
       Chain mail        |    22 |    96 |   129 |   167 |    11 |       |       |       |       ||   425
       Plate armour      |       |       |       |       |   372 |   174 |   236 |       |       ||   782
       Gold dragon scale |       |       |       |       |       |       |    54 |   310 |   255 ||   619
Dodge: Dodged            |    28 |    42 |   100 |   213 |   347 |   201 |   357 |   194 |   302 ||  1784
Block: Shield            |    48 |       |   181 |   374 |  1006 |   190 |       |       |       ||  1799
       Reflection        |       |       |       |       |    41 |   108 |   199 |   132 |    69 ||   549
       Large shield      |       |       |       |       |       |   792 |  1968 |  1759 |  1785 ||  6304
       Rpst.: Long sword |     9 |       |       |       |       |       |       |       |       ||     9
       Demon blade       |       |       |       |       |    34 |    20 |    64 |    23 |    27 ||   168
